 Dungeon Crawl Stone Soup version 0.31.0-12-g77e489cdc1 (webtiles) character file.

Game seed: 9520398719018938667

110725 Qavvik the Warrior (level 16, 0/171 HPs)
             Began as a Naga Ice Elementalist on Feb 11, 2024.
             Was an Initiate of Gozag.
             Slain by an eight-headed hydra (10 damage)
             ... on level 2 of the Lair of Beasts.
             The game lasted 01:54:10 (39111 turns).

Qavvik the Warrior (Naga Ice Elementalist)         Turns: 39111, Time: 01:54:11

Health: 0/171      AC: 16    Str: 13    XL:     16   Next: 55%
Magic:  8/25       EV: 10    Int: 27    God:    Gozag
Gold:   8750       SH:  5    Dex: 11    Spells: 2/27 levels left

rFire   . . .        V - +7 short sword of Egeuq {drain, rElec rC+}
rCold   + . .        (no shield)
rNeg    . . .        i - +2 robe "Anwiosy" {Int+5}
rPois   +            P - +2 hat
rElec   +            s - +1 cloak
rCorr   .            (no gloves)
SInv    +            (no barding)
Will    ++...        A - amulet of reflection
Stlth   +++          Z - ring of wizardry
HPRegen 0.48/turn    T - +4 ring of protection
MPRegen 0.19/turn

%: reflection, wizardry (x1)
@: about to teleport, very slow
A: AC +5, large, see invisible, deformed body, poison resistance, slowness 2,
spit poison 1, naga tail 2
a: Spit Poison, Renounce Religion, Potion Petition, Call Merchant, Bribe Branch


You were on level 2 of the Lair of Beasts.
You worshipped Gozag.
Gozag was greatly pleased with you.
You visited 5 branches of the dungeon, and saw 24 of its levels.
You also visited: Sewer.

You collected 9469 gold pieces.
You spent 590 gold pieces at shops.
You paid 129 gold pieces to Gozag.


Innate Abilities, Weirdness & Mutations

Your serpentine skin is tough. (AC +5)
You have supernaturally acute eyesight. (SInv)
Armour fits poorly on your strangely shaped body.
Your system is resistant to poisons. (rPois)
You cover ground very slowly.
You can spit poison.
You can use your snake-like lower body to constrict enemies.


   Skills:
 - Level 18.2 Fighting
 - Level 6.0 Short Blades
 - Level 2.0 Dodging
 - Level 5.0 Stealth
 - Level 6.0 Spellcasting
 - Level 6.0 Hexes
 + Level 11.2 Summonings
 - Level 3.0 Translocations
 - Level 14.0 Ice Magic
 - Level 11.0 Evocations


You had 2 spell levels left.
You knew the following spells:

 Your Spells              Type           Power      Damage    Failure   Level
b - Summon Ice Beast      Ice/Summ       66%        N/A       1%          3
c - Summon Cactus Giant   Summ           31%        N/A       4%          6
f - Freeze                Ice            100%       1d10      0%          1
l - Summon Lightning Spi  Summ/Air       38%        N/A       2%          4
o - Ozocubu's Armour      Ice            70%        N/A       1%          3
r - Frozen Ramparts       Ice            100%       1d16      1%          3
t - Confusing Touch       Hex            40%        N/A       1%          3
B - Blink                 Tloc           48%        N/A       1%          2

Your spell library contained the following spells:

 Spells                   Type           Power      Damage    Failure   Level
 Lesser Beckoning         Tloc           48%        N/A       1%          2
 Foxfire                  Conj/Fire      32%        2x1d5     2%          1
 Kiss of Death            Conj/Necr      32%        2d7       2%          1
 Magic Dart               Conj           32%        1d4       2%          1
 Momentum Strike          Conj/Tloc      32%        3d8       2%          2
 Scorch                   Fire           16%        2d5       4%          2
 Searing Ray              Conj           16%        2d5       4%          2
 Static Discharge         Conj/Air       16%        3-4/arc   4%          2
 Tukima's Dance           Hex            40%        N/A       1%          3
 Metabolic Englaciation   Hex/Ice        29%        N/A       1%          5
 Gell's Gravitas          Tloc           24%        N/A       2%          3
 Teleport Other           Tloc           24%        N/A       2%          3
 Cause Fear               Hex            20%        N/A       2%          4
 Dimensional Bullseye     Hex/Tloc       16%        N/A       4%          4
 Fugue of the Fallen      Necr           8%         N/A       8%          3
 Manifold Assault         Tloc           24%        N/A       8%          4
 Iskenderun's Mystic Bla  Conj/Tloc      16%        2d5       14%         4
 Airstrike                Air            4%         2d(1-17)  26%         4
 Dispel Undead            Necr           8%         3d8       26%         4
 Flame Wave               Conj/Fire      8%         2d5       26%         4
 Fulminant Prism          Conj/Alch      4%         3d5       26%         4
 Leda's Liquefaction      Alch/Erth      4%         N/A       26%         4
 Petrify                  Alch/Erth      8%         N/A       26%         4
 Fireball                 Conj/Fire      4%         3d4       54%         5
 Conjure Ball Lightning   Conj/Air       4%         3x3d6     98%         6
 Plasma Beam              Fire/Air       4%         2x1d14    98%         6
 Starburst                Conj/Fire      4%         6d3       98%         6
 Discord                  Hex            20%        N/A       100%        8
 Disjunction              Tloc           12%        N/A       100%        8
 Dragon's Call            Summ           31%        N/A       100%        9

Inventory:

Hand Weapons
 V - the +7 short sword of Egeuq (weapon) {drain, rElec rC+}
   (You found it on level 5 of the Lair of Beasts)

   rC+:       It protects you from cold.
   rElec:     It insulates you from electricity.
Missiles
 l - 24 boomerangs
 r - 24 poisoned darts (quivered)
 H - a throwing net {=f}
 J - 8 curare-tipped darts {=f}
Armour
 i - the +2 robe "Anwiosy" (worn) {Int+5}
   (You found it on level 4 of the Dungeon)

   Int+5:     It affects your intelligence (+5).
 s - a +1 cloak (worn)
 P - a +2 hat (worn)
Magical Staves
 U - a staff of conjuration {!a}
Jewellery
 q - an amulet of regeneration
 z - a ring of wizardry
 A - an amulet of reflection (around neck)
 F - a ring of fire
 I - an amulet of magic regeneration
 N - a ring of positive energy
 T - a +4 ring of protection (right hand)
 Z - a ring of wizardry (left hand)
Wands
 a - a wand of polymorph (6)
 y - a wand of flame (3)
 D - a wand of paralysis (13)
 O - a wand of digging (5)
 Q - a wand of iceblast (20)
Scrolls
 c - 6 scrolls of poison
 f - 5 scrolls of vulnerability
 g - 4 scrolls of amnesia
 j - 4 scrolls of butterflies
 m - 2 scrolls of enchant weapon
 p - 3 scrolls of fog
 u - a scroll of silence {!r}
 w - 4 scrolls of enchant armour
 B - a scroll of torment
 E - 7 scrolls of noise
 K - 10 scrolls of revelation
 L - 9 scrolls of teleportation {@r2}
 M - 3 scrolls of immolation
Potions
 b - 2 potions of mutation
 d - a potion of cancellation
 e - 3 potions of resistance
 h - a potion of magic
 k - 7 potions of curing {@q1}
 n - 3 potions of enlightenment
 o - 4 potions of haste {@q3}
 t - 3 potions of attraction
 x - a potion of ambrosia
 G - 7 potions of lignification
 S - 2 potions of might
Miscellaneous
 v - a phantom mirror
 C - a condenser vane
 R - a phial of floods

Dungeon Overview and Level Annotations

Branches:
Dungeon (15/15)            Temple (1/1) D:5            Lair (5/5) D:10
  Swamp (1/4) Lair:2       Spider (0/4) Lair:3        Slime (0/5) Lair:4
    Orc (2/2) D:10            Elf (0/3) Orc:2        Vaults (0/5) D:14
 Depths (0/4) D:15          Sewer (visited)

Altars:
Ashenzari
Cheibriados
Dithmenos
Elyvilon
Fedhas
Gozag
Hepliaklqana
Kikubaaqudgha
Makhleb
Nemelex Xobeh
Okawaru
Qazlal
Ru
Sif Muna
Trog
Uskayaw
Vehumet
Wu Jian
Xom
Yredelemnul
Zin
The Shining One
Jiyva

Shops:
D:4 *   D:12 [   Orc:1 :   Orc:2 [:[*

Portals:
Trove: D:14 (give +7 demon blade)

Annotations:
D:4 exclusion: 2 downstairs
Lair:4 4 runed translucent doors, Deost's ghost, journeyman DEFE; Lutiheq's ghost, journeyman DrSh; Tunlugh's ghost, adept GrEE

#..#.......# #..##....##..####..#
#..........###...##....##......##
...#.......##.....###...###..###.
#...#......##.......###...##.#...
#..#.......P##........###......##
....P........#..........#########
#.......♣♣♣♣♣♣♣♣..........## #...
...♣♣♣♣♣♣♣♣♣♣♣♣♣♣♣♣♣.......###..#
.♣♣♣~.~~≈~~~.~§♣@§§♣♣.....###P...
⌠.....♣.......♣§.D§♣♣......##....
⌠...♣...♣.♣.♣..§§§~♣♣............
.♣♣♣≈~~≈≈♣~.≈♣≈§§§≈♣♣............
...♣♣♣♣♣♣♣♣♣♣♣♣♣♣♣♣♣########.P###
........♣♣ #..## # ###..##..♣
#### # # ########


You could see an eight-headed hydra.


Message History

The eight-headed hydra misses you.
The eight-headed hydra bites you but does no damage.
You block the eight-headed hydra's attack.
The eight-headed hydra bites you!
* * * LOW HITPOINT WARNING * * *
The eight-headed hydra bites you but does no damage.
Unknown command.
Your icy armour cracks and falls away as you move.
You enter the shallow water.
The eight-headed hydra completely misses your ice beast.
The eight-headed hydra bites your ice beast! x3
The eight-headed hydra bites your ice beast.
The eight-headed hydra barely misses your ice beast.
The eight-headed hydra bites your ice beast!
Your ice beast dies!
Your ice beast disappears in a puff of smoke!
Okay, then.
As you read the scroll of teleportation {@r2}, it crumbles to dust.
You feel strangely unstable. The eight-headed hydra bites you!
* * * LOW HITPOINT WARNING * * *
The eight-headed hydra barely misses you.
The eight-headed hydra bites you.
* * * LOW HITPOINT WARNING * * *
The eight-headed hydra bites you but does no damage.
The eight-headed hydra barely misses you.
The eight-headed hydra bites you!
* * * LOW HITPOINT WARNING * * *
The eight-headed hydra bites you!
You die...
Your body crumbles into a pile of gold.

Skill      XL: |  1  2  3  4  5  6  7  8  9 10 11 12 13 14 15 16 |
---------------+-------------------------------------------------+-----
Fighting       | 1 2 3 4 9 10 11 13 16 18 | 18.2
Stealth        | 4 5 |  5.0
Ice Magic      | 5 6 9 10 12 14 | 14.0
Summonings     | 2 3 8 11 | 11.2
Short Blades   | 5 6 |  6.0
Spellcasting   | 3 4 6 |  6.0
Dodging        | 2 |  2.0
Evocations     | 3 7 9 11 | 11.0
Translocations | 3 |  3.0
Hexes          | 6 |  6.0

Action                     |  1- 3 |  4- 6 |  7- 9 | 10-12 | 13-15 | 16-18 || total
---------------------------+-------+-------+-------+-------+-------+-------++-------
  Melee: Short sword       |    54 |    80 |    68 |   478 |  1316 |   271 ||  2267
         Punch             |     1 |       |       |    10 |    26 |     8 ||    45
         Constrict         |       |       |       |       |   196 |    51 ||   247
  Throw: Stone             |     9 |       |       |       |       |       ||     9
         Boomerang         |     5 |    17 |       |       |       |       ||    22
         Dart              |       |       |     9 |     1 |       |       ||    10
   Cast: Freeze            |    19 |     5 |       |     2 |       |       ||    26
         Frozen Ramparts   |       |    13 |    19 |    49 |    91 |    13 ||   185
         Summon Ice Beast  |       |     4 |    22 |    59 |    85 |    11 ||   181
         Ozocubu's Armour  |       |       |     2 |     4 |    37 |    10 ||    53
         Metabolic Englaci |       |       |       |       |     3 |       ||     3
         Summon Cactus Gia |       |       |       |       |     5 |     6 ||    11
         Summon Lightning  |       |       |       |       |       |     2 ||     2
Ability: Spit Poison       |    26 |    15 |     3 |       |     1 |       ||    45
  Evoke: Wand              |       |       |     2 |     9 |    17 |       ||    28
    Use: Scroll            |       |       |     3 |    23 |     4 |     3 ||    33
         Potion            |       |       |     1 |     2 |     7 |     2 ||    12
   Stab: Sleeping          |     1 |     9 |     1 |     9 |     3 |     2 ||    25
         Distracted        |       |       |       |     1 |    11 |       ||    12
         Paralysed         |       |       |       |     1 |     1 |       ||     2
         Petrified         |       |       |       |       |     4 |       ||     4
 Armour: Robe              |    55 |    54 |    40 |   305 |  1122 |   331 ||  1907
  Dodge: Dodged            |    32 |    33 |    35 |   149 |   503 |   132 ||   884
  Block: Other             |       |       |     6 |    86 |   255 |    65 ||   412
         Reflection        |       |       |       |     7 |     9 |     5 ||    21

Levels and vault maps discovered:
D:1:      matt_arrival_grand_opening, layout_basic, basic_ecumenical_altar
D:2:      layout_basic, basic_altar
D:3:      layout_basic, general_overflow_altar, dreamdust_wishing_well,
          minivault_27, amcnicky_mini_corridor_feature
D:4:      layout_basic, portal_sewer_entry_f, serial_shops, shop
D:5:      cheibrodos_thug_alley, layout_rooms, demons_altar,
          minmay_temple_entry_sparse_star, dreamdust_gnoll_farm, uniq_menkaure,
          uniq_eustachio, uniq_pikel
D:6:      layout_loops_ring, lemuel_round_altar, uniq_prince_ribbit1,
          uniq_duvessa
D:7:      layout_basic, nicolae_elyvilon_temple_path,
          gammafunk_temple_overflow_claw, minivault_10,
          chequers_serial_rivers_room_a
D:8:      layout_basic, kennysheep_little_box
D:9:      minmay_skewed_foursquare, layout_loops_ring, old_standard_altar,
          trog_hazing_becter, minmay_misc_feat_tower, the_hattery
D:10:     layout_rooms, lair_entry_dummy, orc_0_dummy, feat_on_display
D:11:     layout_basic, uniq_erolcha
D:12:     layout_layer_cave, serial_shops, nicolae_shop_tiny_statue_garden
D:13:     layout_irregular_city, uniq_lodul
D:14:     layout_rooms, hellmonk_vaults_attempted_burglary,
          nicolae_gozag_conspicuous_consumption, nicolae_trove_entry_isolated
D:15:     grunt_enter_depths_hoard, layout_loops_ring,
          ashenzari_conservatory_becter
Temple:   nicolae_temple_hex_pool
Lair:1:   layout_gridlike
Lair:2:   layout_long_grid, nicolae_swamp_entry_splash_gauntlet,
          nzn_random_ring, serial_bayou_shore_a
Lair:3:   layout_layer_cave, spider_nest_entry_webs
Lair:4:   layout_cave_pods, slime_entry_2, gammafunk_ghost_cemetery
Lair:5:   wormcave, layout_cave_pods, hangedman_lair_caniforms_friends,
          basic_altar, uniq_sonja
Swamp:1:  layout_falls_marsh, evilmike_swamp_ruin_house_1
Orc:1:    layout_caves, hellmonk_ghost_happy_afterlife, serial_shops, shop,
          mines1_david
Orc:2:    st_orc_mages, layout_diamond_mine, serial_shops, shop_fountains,
          uniq_josephine

Notes
Turn   | Place    | Note
-------+----------+-------------------------------------------
     0 | D:1      | Qavvik the Naga Ice Elementalist began the quest for the
                  | Orb.
     0 | D:1      | Reached XP level 1. HP: 15/15 MP: 3/3
    87 | D:1      | Reached skill level 1 in Fighting
   192 | D:1      | Reached XP level 2. HP: 25/25 MP: 3/5
   386 | D:1      | Reached skill level 2 in Fighting
   888 | D:1      | Reached XP level 3. HP: 32/32 MP: 6/6
  1000 | D:1      | Found a faded altar of an unknown god.
  1002 | D:1      | Reached skill level 4 in Stealth
  1140 | D:2      | Found an ornate altar of the Wu Jian Council.
  1208 | D:2      | Learned a level 3 spell: Frozen Ramparts
  1574 | D:2      | Reached XP level 4. HP: 39/39 MP: 7/7
  1652 | D:2      | Reached skill level 5 in Ice Magic
  1755 | D:2      | Reached XP level 5. HP: 45/45 MP: 4/8
  1901 | D:2      | Learned a level 3 spell: Summon Ice Beast
  2464 | D:3      | Reached skill level 6 in Ice Magic
  2464 | D:3      | Reached skill level 1 in Summonings
  3418 | D:3      | Found a glowing golden altar of the Shining One.
  3526 | D:4      | Identified the +2 robe "Anwiosy" {Int+5}
  3541 | D:4      | Found a glowing drain.
  3582 | Sewer    | Entered a sewer
  3584 | Sewer    | Noticed Pargi
  3592 | Sewer    | Killed Pargi
  3593 | Sewer    | Reached skill level 2 in Summonings
  3593 | Sewer    | Reached skill level 3 in Fighting
  3593 | Sewer    | Reached XP level 6. HP: 56/56 MP: 2/9
  3793 | Sewer    | Reached skill level 4 in Fighting
  3988 | D:4      | Reached XP level 7. HP: 48/66 MP: 7/10
  4062 | D:4      | Reached skill level 5 in Fighting
  4416 | D:4      | Reached skill level 6 in Fighting
  4579 | D:4      | Found Ucrets's Assorted Antiques.
  4886 | D:5      | Entered Level 5 of the Dungeon
  4886 | D:5      | Noticed Pikel
  4921 | D:5      | Noticed Menkaure
  4972 | D:5      | Identified a potion of experience
  4979 | D:4      | Learned a level 3 spell: Ozocubu's Armour
  4979 | D:4      | Reached skill level 9 in Fighting
  4979 | D:4      | Reached skill level 5 in Short Blades
  4979 | D:4      | Reached skill level 9 in Ice Magic
  4979 | D:4      | Reached XP level 8. HP: 86/86 MP: 12/12
  5014 | D:5      | Reached skill level 3 in Spellcasting
  5107 | D:5      | Killed Menkaure
  5108 | D:5      | Reached skill level 10 in Ice Magic
  5108 | D:5      | Reached XP level 9. HP: 43/93 MP: 8/13
  5271 | D:5      | Found a burning altar of Makhleb.
  5297 | D:5      | Reached skill level 10 in Fighting
  5413 | D:5      | Reached skill level 2 in Dodging
  5570 | D:5      | Reached skill level 6 in Short Blades
  5615 | D:5      | Killed Pikel
  5616 | D:5      | Reached skill level 3 in Evocations
  5740 | D:5      | Reached skill level 5 in Stealth
  5852 | D:5      | Found a staircase to the Ecumenical Temple.
  5855 | D:5      | Noticed Eustachio
  5876 | D:5      | Killed Eustachio
  5985 | Temple   | Entered the Ecumenical Temple
  5988 | Temple   | Became a worshipper of Gozag Ym Sagoz the Greedy
  6576 | D:4      | Bought a scroll labelled PUTEXE JOEBUOPTEA for 29 gold
                  | pieces
  6576 | D:4      | Bought a scroll labelled OTUTA SETRE for 29 gold pieces
  6576 | D:4      | Bought a smoky emerald potion for 26 gold pieces
  6689 | D:6      | Noticed Dowan
  6690 | D:6      | Noticed Duvessa
  6696 | D:6      | Killed Dowan
  6697 | D:6      | Reached XP level 10. HP: 103/103 MP: 7/14
  6703 | D:6      | Killed Duvessa
  6721 | D:6      | Identified 2 potions of resistance
  6911 | D:6      | Found a blossoming altar of Fedhas.
  6980 | D:6      | Learned a level 2 spell: Blink
  7032 | D:6      | Noticed Prince Ribbit
  7037 | D:6      | Killed Prince Ribbit
  7038 | D:6      | Reached skill level 1 in Translocations
  7067 | D:6      | Reached skill level 11 in Fighting
  7253 | D:6      | Reached skill level 2 in Translocations
  7736 | D:7      | Reached skill level 3 in Translocations
  7975 | D:7      | Found a shadowy altar of Dithmenos.
  7975 | D:7      | Found an iron altar of Okawaru.
  7975 | D:7      | Found an ancient bone altar of Kikubaaqudgha.
  8352 | D:7      | Found a white marble altar of Elyvilon.
  8414 | D:7      | Reached skill level 4 in Spellcasting
  8859 | D:8      | Reached skill level 3 in Summonings
  9648 | D:8      | Found a hazy altar of Hepliaklqana.
 10103 | D:9      | Found a hide-covered altar of Uskayaw.
 10146 | D:9      | Found a bloodstained altar of Trog.
 10897 | D:9      | Reached XP level 11. HP: 114/114 MP: 10/17
 11333 | D:10     | Entered Level 10 of the Dungeon
 11372 | D:10     | Found a staircase to the Lair.
 11405 | D:10     | Found a staircase to the Orcish Mines.
 11458 | D:10     | Reached skill level 4 in Evocations
 11865 | D:10     | Reached skill level 12 in Fighting
 12214 | D:10     | Noticed a tengu warrior
 12229 | D:10     | Killed a tengu warrior
 12230 | D:10     | Reached skill level 5 in Evocations
 12352 | D:10     | Reached skill level 6 in Evocations
 12458 | D:10     | Reached skill level 7 in Evocations
 13336 | Lair:1   | Entered Level 1 of the Lair of Beasts
 13438 | D:10     | Reached skill level 13 in Fighting
 13559 | Lair:1   | Noticed a death yak
 13559 | Lair:1   | Noticed a death yak
 13569 | Lair:1   | Noticed a death yak
 13572 | Lair:1   | Noticed a death yak
 13572 | Lair:1   | Noticed a death yak
 13572 | Lair:1   | Killed a death yak
 13573 | Lair:1   | Reached XP level 12. HP: 115/126 MP: 12/18
 13584 | Lair:1   | Killed a death yak
 13596 | Lair:1   | Killed a death yak
 13619 | Lair:1   | Killed a death yak
 13620 | Lair:1   | Reached skill level 14 in Fighting
 13771 | Lair:1   | Killed a death yak
 15470 | Lair:2   | Found a staircase to the Swamp.
 15537 | Lair:2   | Reached skill level 15 in Fighting
 16348 | Lair:2   | Noticed a seven-headed hydra
 16354 | Lair:2   | Noticed a seven-headed hydra
 16358 | Lair:2   | Killed a seven-headed hydra
 16369 | Lair:2   | Killed a seven-headed hydra
 16370 | Lair:2   | Reached skill level 16 in Fighting
 16387 | Lair:2   | Noticed a skyshark
 16405 | Lair:2   | Killed a skyshark
 16538 | Lair:2   | Gained mutation: You can use your snake-like lower body to
                  | constrict enemies. [Naga growth]
 16538 | Lair:2   | Reached XP level 13. HP: 142/142 MP: 19/19
 16550 | Lair:2   | Identified the +0 robe "Bosid" {+Blink rF+ rC+ Dex-4}
 17581 | Lair:3   | Reached skill level 17 in Fighting
 18694 | Lair:3   | Found a hole to the Spider Nest.
 19800 | Lair:4   | Reached skill level 18 in Fighting
 19914 | Lair:4   | Reached skill level 8 in Evocations
 20141 | Lair:4   | You fall into a shaft and drop 1 floor!
 20141 | Lair:5   | Entered Level 5 of the Lair of Beasts
 20212 | Lair:5   | Reached skill level 9 in Evocations
 20387 | Lair:5   | Reached XP level 14. HP: 134/156 MP: 14/20
 20393 | Lair:5   | Noticed Sonja
 20406 | Lair:5   | Killed Sonja
 20407 | Lair:5   | Reached skill level 10 in Evocations
 20857 | Lair:5   | Found a white marble altar of Elyvilon.
 20869 | Lair:5   | Learned a level 5 spell: Metabolic Englaciation
 20880 | Lair:5   | Identified the +7 short sword of Egeuq {drain, rElec rC+}
 20943 | Lair:5   | Reached skill level 1 in Hexes
 20973 | Lair:5   | Reached skill level 11 in Evocations
 21001 | Lair:5   | Reached skill level 2 in Hexes
 21090 | Lair:5   | Reached skill level 3 in Hexes
 21213 | Lair:5   | Reached skill level 4 in Hexes
 21716 | Lair:5   | Reached skill level 5 in Hexes
 22032 | Lair:5   | Reached skill level 6 in Hexes
 22630 | Lair:5   | Reached skill level 11 in Ice Magic
 24070 | Lair:5   | Reached skill level 12 in Ice Magic
 24227 | Lair:5   | Reached XP level 15. HP: 139/163 MP: 13/21
 24706 | Lair:4   | Found a runed translucent gate.
 24706 | Lair:4   | Found a runed translucent gate.
 24706 | Lair:4   | Found a runed translucent gate.
 25073 | Lair:4   | Reached skill level 13 in Ice Magic
 25199 | Lair:4   | Found a runed translucent door.
 25199 | Lair:4   | Found a viscous altar of Jiyva.
 25200 | Lair:4   | Found a staircase to the Slime Pits.
 25200 | Lair:4   | Noticed an acid blob
 25200 | Lair:4   | Noticed an acid blob
 25928 | Lair:4   | Noticed Deost's ghost (journeyman DEFE)
 25928 | Lair:4   | Noticed Lutiheq's ghost (journeyman DrSh)
 25928 | Lair:4   | Noticed Tunlugh's ghost (adept GrEE)
 26978 | D:10     | Reached skill level 14 in Ice Magic
 27930 | D:11     | Noticed Erolcha
 27986 | D:11     | Killed Erolcha
 28388 | D:12     | Found Qiyn's Armour Shoppe.
 28398 | D:12     | Learned a level 6 spell: Summon Cactus Giant
 29125 | D:12     | HP: 15/163 [burnt (10)]
 29128 | D:12     | HP: 5/163 [burnt (24)]
 29658 | D:12     | Reached skill level 4 in Summonings
 30125 | Orc:1    | Entered Level 1 of the Orcish Mines
 30156 | Orc:1    | Reached skill level 5 in Summonings
 30179 | Orc:1    | Reached skill level 6 in Summonings
 30487 | Orc:1    | Found Ranox's Book Shoppe.
 30497 | Orc:1    | Noticed asd2613's ghost (journeyman DrCj)
 30502 | Orc:1    | Found a runed translucent door.
 31036 | Orc:1    | HP: 16/163 [asd2613's ghost/stone arrow (22)]
 31040 | Orc:1    | Killed asd2613's ghost
 31612 | Orc:2    | Entered Level 2 of the Orcish Mines
 31656 | Orc:2    | Found Udoajan's General Store.
 31664 | Orc:2    | Bought a scroll of identify for 28 gold pieces
 31664 | Orc:2    | Bought 3 curare-tipped darts for 50 gold pieces
 31664 | Orc:2    | Bought a wand of paralysis (5) for 168 gold pieces
 31745 | Orc:2    | Found a staircase to the Elven Halls.
 31749 | Orc:2    | Noticed Josephine
 31793 | Orc:2    | Killed Josephine
 31794 | Orc:2    | Reached skill level 7 in Summonings
 31803 | Orc:2    | HP: 13/142 [wraith[Josephine] (9)]
 31809 | Orc:2    | HP: 11/142 [orc warrior/+0 trident (2)]
 32731 | Orc:2    | Reached skill level 8 in Summonings
 33139 | Orc:2    | Paralysed by an orc sorcerer for 4 turns
 33150 | Orc:2    | Reached XP level 16. HP: 122/153 MP: 13/22
 33539 | Orc:2    | Found Etonerr's Armour Shoppe.
 33539 | Orc:2    | Found Peluujir's Book Shoppe.
 33540 | Orc:2    | Found Caeptudu's Armour Emporium.
 33544 | Orc:2    | Found Acui's Magic Scroll Emporium.
 33718 | Orc:2    | Learned a level 3 spell: Confusing Touch
 33803 | Orc:1    | Bought a book of Storms for 260 gold pieces
 34053 | D:13     | Reached skill level 9 in Summonings
 34317 | D:13     | Noticed Lodul
 34330 | D:13     | Killed Lodul
 35105 | D:14     | Identified the +2 scale mail of the Baker {rN+ Str+3}
 35145 | D:14     | Found an opulent altar of Gozag.
 35154 | D:14     | Found an opulent altar of Gozag.
 35154 | D:14     | Found an opulent altar of Gozag.
 35323 | D:14     | Found a gate to the Vaults.
 35336 | D:14     | Reached skill level 5 in Spellcasting
 35440 | D:14     | Found an opulent altar of Gozag.
 35975 | D:14     | Found a portal to a secret trove of treasure.
 36216 | D:14     | Learned a level 4 spell: Summon Lightning Spire
 36223 | D:15     | Entered Level 15 of the Dungeon
 37060 | D:15     | Found a staircase to the Depths.
 37145 | D:15     | Reached skill level 10 in Summonings
 37170 | D:15     | Reached skill level 6 in Spellcasting
 37779 | D:15     | Found a broken altar of Ashenzari.
 38261 | D:15     | Reached skill level 11 in Summonings
 39013 | Swamp:1  | Entered Level 1 of the Swamp
 39111 | Lair:2   | HP: 10/171 [eight-headed hydra (8)]
 39111 | Lair:2   | Slain by an eight-headed hydra

Vanquished Creatures
  Josephine (Orc:2)
  6 hydras
  An ice dragon (Lair:5)
  Erolcha (D:11)
  A boulder beetle (D:15)
  7 centaur warriors
  2 ogre magi
  A catoblepas (Lair:5)
  12 two-headed ogres
  A hell hog (Lair:5)
  8 death yaks
  An orc high priest (Orc:2)
  5 skeletal warriors
  Sonja (Lair:5)
  3 skysharks
  A fire crab (Lair:5)
  A lindwurm (Lair:5)
  Pikel (D:5)
  A wolf spider (D:15)
  5 deep elf pyromancers
  4 orc sorcerers (Orc:2)
  3 ugly things
  A cyclops (D:15)
  A manticore (D:14)
  A meliai (shapeshifter) (D:15)
  7 torpor snails
  2 kobold blastminers
  22 elephants
  7 black mambas
  10 cane toads
  An unseen horror (D:13)
  7 komodo dragons
  A rime drake (Lair:4)
  An efreet (D:14)
  A kobold demonologist (D:13)
  5 yaktaurs (D:15)
  A tengu conjurer (D:10)
  2 trolls
  4 tyrant leeches (Lair:5)
  13 polar bears
  A polar bear (shapeshifter) (D:13)
  11 hornets
  Prince Ribbit (D:6)
  2 raiju (Lair:5)
  4 dream sheep (Lair:5)
  A raiju (shapeshifter) (D:13)
  6 blink frogs
  4 slime creatures (D:10)
  A spriggan (D:9)
  6 wyverns
  3 vampires
  A shadow (D:9)
  4 wraiths
  47 yaks
  Eustachio (D:5)
  4 basilisks
  A steam dragon (D:7)
  3 redbacks (Lair:3)
  9 wargs
  A swamp worm (Lair:2)
  2 acid dragons
  12 hell hounds (Lair:5)
  12 water moccasins
  Duvessa (D:6)
  14 orc warriors
  13 black bears
  3 ice beasts
  9 ogres
  6 centaurs
  18 wolves
  2 phantoms
  3 kobold brigands
  8 bullfrogs
  A gnoll sergeant (D:8)
  A brain worm (Sewer)
  A scorpion (D:4)
  A wight (D:9)
  Dowan (D:6)
  6 killer bees (D:8)
  8 electric eels
  3 howler monkeys (D:10)
  A bombardier beetle (D:6)
  A jelly (Sewer)
  4 hounds
  12 orc priests
  A gnoll bouda (D:4)
  2 iron imps (D:5)
  3 iguanas
  44 orc wizards
  22 gnolls
  9 adders
  2 shadow imps (D:6)
  An ufetubus (D:6)
  2 ribbon worms
  A dart slug (D:3)
  54 orcs
  9 endoplasms
  9 giant cockroaches
  9 goblins
  8 hobgoblins
  4 jackals (D:1)
  5 quokkas
  4 ball pythons
  6 bats
  3 frilled lizards
  27 kobolds
  5 rats
638 creatures vanquished.

Vanquished Creatures (collateral kills)
  The ghost of asd2613 the Devastator, a journeyman DrCj of Vehumet (Orc:1)
  A fire dragon (D:15)
  An alligator (Swamp:1)
  An ice dragon (D:15)
  A centaur warrior (D:15)
  A boulder beetle (D:13)
  A two-headed ogre (D:10)
  A tengu warrior (D:10)
  An orc high priest (Orc:2)
  Lodul (D:13)
  An orc knight (Orc:2)
  An orc sorcerer (Orc:2)
  A manticore (D:15)
  2 ugly things (D:14)
  8 elephants
  3 cane toads (Lair:2)
  A gargoyle (D:10)
  A komodo dragon (Lair:2)
  A rime drake (Lair:2)
  2 dream sheep (Lair:5)
  7 blink frogs
  2 slime creatures (D:10)
  15 yaks
  A wyvern (Lair:2)
  2 wraiths (Orc:2)
  2 vampire mosquitoes (Swamp:1)
  A basilisk (Lair:2)
  Menkaure (D:5)
  A hell hound (Lair:5)
  Pargi (Sewer)
  4 orc warriors
  2 black bears
  9 ogres
  5 wolves
  2 centaurs
  2 lemures
  4 bullfrogs
  A kobold brigand (D:7)
  A gnoll sergeant (D:7)
  2 killer bees (D:8)
  6 orc priests
  2 hounds
  An iron imp (D:5)
  An iguana (D:5)
  10 orc wizards
  5 gnolls
  An ufetubus (D:6)
  18 orcs
  3 kobolds
143 creatures vanquished.

Vanquished Creatures (others)
  An orc warrior (Orc:2)
  An orc wizard (Orc:2)
2 creatures vanquished.

Grand Total: 783 creatures vanquished

Table legend: (Time is in decaauts)
 A = Elapsed time spent in this place.
 B = Non-inter-level travel time spent in this place.
 C = Inter-level travel time spent in this place.
 D = Time resting spent in this place.
 E = Time spent auto-exploring this place.
 F = Levels seen in this place.
 G = Mean time per level.
                   A        B        C        D        E       F      G
               +--------+--------+--------+--------+--------+-----+--------+
         Total |  45004 |  43431 |   1573 |  11885 |  24266 |  25 | 1800.2 |
       Dungeon |  26254 |  25203 |   1051 |   7365 |  13607 |  15 | 1750.3 |
        Temple |      8 |      5 |      3 |      0 |      0 |   1 |    8.0 |
          Lair |  14373 |  14009 |    364 |   3148 |   8758 |   5 | 2874.6 |
         Swamp |     93 |     93 |      0 |      0 |     60 |   1 |   93.0 |
  Orcish Mines |   3875 |   3722 |    153 |   1353 |   1546 |   2 | 1937.5 |
         Sewer |    399 |    399 |      0 |     17 |    293 |   1 |  399.0 |
               +--------+--------+--------+--------+--------+-----+--------+

Top non-repeatable levels by time:
  Lair:5: 4907 daAuts
    D:10: 3936 daAuts
  Lair:2: 3187 daAuts
    D:15: 2538 daAuts
   Orc:2: 2434 daAuts
  Lair:3: 2420 daAuts
  Lair:4: 2272 daAuts
    D:12: 2117 daAuts
    D:14: 2023 daAuts
     D:5: 1849 daAuts
     D:8: 1657 daAuts
  Lair:1: 1586 daAuts
     D:9: 1583 daAuts
     D:4: 1541 daAuts
     D:3: 1508 daAuts

Table legend:
 A = Non-vault XP
 B = Vault XP
 C = Vault XP percentage of total XP
 D = Non-vault monster count
 E = Vault monster count
 F = Vault count percentage of total count
                 A         B        C        D         E       F
            +---------+---------+-------+---------+---------+-------
      Total |  112755 |   44385 |  28.2 |     555 |     225 |  28.8
            +---------+---------+-------+---------+---------+-------
        D:1 |      47 |       0 |   0.0 |      30 |       0 |   0.0
        D:2 |     178 |       0 |   0.0 |      23 |       0 |   0.0
        D:3 |      79 |       0 |   0.0 |      22 |       0 |   0.0
        D:4 |     481 |      12 |   2.4 |      15 |       6 |  28.6
        D:5 |    1152 |    1320 |  53.4 |      16 |      22 |  57.9
        D:6 |     670 |     479 |  41.7 |      17 |       3 |  15.0
        D:7 |    1141 |       0 |   0.0 |      31 |       0 |   0.0
        D:8 |    1017 |       0 |   0.0 |      31 |       0 |   0.0
        D:9 |    1191 |    1364 |  53.4 |      18 |      13 |  41.9
       D:10 |   12097 |       0 |   0.0 |      48 |       0 |   0.0
       D:11 |    1433 |     841 |  37.0 |       7 |       1 |  12.5
       D:12 |    3941 |       0 |   0.0 |      17 |       0 |   0.0
       D:13 |    3151 |    1462 |  31.7 |      10 |       7 |  41.2
       D:14 |    5519 |     833 |  13.1 |      16 |       1 |   5.9
       D:15 |   14475 |    1760 |  10.8 |      26 |       2 |   7.1
     Lair:1 |    6128 |       0 |   0.0 |      12 |       0 |   0.0
     Lair:2 |    4713 |    6921 |  59.5 |      18 |      21 |  53.8
     Lair:3 |    9716 |     546 |   5.3 |      30 |       3 |   9.1
     Lair:4 |   16253 |       0 |   0.0 |      59 |       0 |   0.0
     Lair:5 |   18206 |   19389 |  51.6 |      50 |      77 |  60.6
    Swamp:1 |    1224 |       0 |   0.0 |       3 |       0 |   0.0
      Orc:1 |    6886 |    1211 |  15.0 |      42 |       1 |   2.3
      Orc:2 |    3057 |    7962 |  72.3 |      14 |      62 |  81.6
      Sewer |       0 |     285 | 100.0 |       0 |       6 | 100.0
            +---------+---------+-------+---------+---------+-------
